 Dungeon Crawl Stone Soup version 0.25.1-1-g288607f (webtiles) character file.

Game seed: 18337860269208556045

17921 Jonnyslop the Covert (level 12, -1/56 HPs)
             Began as a Spriggan Enchanter on Aug 6, 2020.
             Was a High Priest of Fedhas.
             Slain by a blink frog (10 damage)
             ... on level 4 of the Lair of Beasts on Aug 7, 2020.
             The game lasted 00:50:48 (19530 turns).

Jonnyslop the Covert (Spriggan Enchanter)          Turns: 19530, Time: 00:50:48

Health: -1/56      AC:  4    Str:  4    XL:     12   Next: 23%
Magic:  25/35      EV: 22    Int: 21    God:    Fedhas [*****.]
Gold:   762        SH:  0    Dex: 17    Spells: 8/30 levels left

rFire    . . .     SeeInvis +   l - +3 dagger (venom)
rCold    . . .     Gourm    .   (shield restricted)
rNeg     . . .     Faith    .   C - +2 robe {MR+}
rPois    +         Spirit   .   (helmet restricted)
rElec    .         Reflect  .   G - scarf {repulsion}
rCorr    .         Harm     .   (gloves unavailable)
MR       +++..                  (boots unavailable)
Stlth    +++++.....             (no amulet)
HPRegen  0.18/turn              k - ring of poison resistance
MPRegen  0.24/turn              v - ring of magical power

@: confusing touch, repel missiles, very quick
A: very small, unfitting armour, see invisible, herbivore, speed 3, slow
metabolism 2
a: Wall of Briars, Grow Ballistomycete, Overgrow, Grow Oklob, Renounce Religion


You were on level 4 of the Lair of Beasts.
You worshipped Fedhas.
Fedhas was extremely pleased with you.
You were not hungry.

You visited 2 branches of the dungeon, and saw 16 of its levels.

You collected 1035 gold pieces.
You spent 273 gold pieces at shops.

Inventory:

Hand Weapons
 l - a +3 dagger of venom (weapon)
Missiles
 m - 41 poisoned darts (quivered)
Armour
 b - a +1 robe
 g - a +2 cloak of stealth
 j - a scarf of resistance
 C - a +2 robe of magic resistance (worn)
 G - a scarf of repulsion (worn)
Jewellery
 k - a ring of poison resistance (left hand)
 v - a ring of magical power (right hand)
 A - an uncursed ring of flight
Wands
 t - a wand of clouds (10)
 w - a wand of iceblast (20)
 x - a wand of flame (45)
 H - a wand of disintegration (14)
Scrolls
 c - 2 scrolls of fog
 f - 7 scrolls of teleportation
 h - 4 scrolls of amnesia
 i - 8 scrolls of identify
 q - 3 scrolls of blinking
 y - 4 scrolls of magic mapping
 z - a scroll of enchant armour
 D - a scroll of fear
 F - 3 scrolls of remove curse
Potions
 a - 2 potions of stabbing
 e - 10 potions of curing
 n - 2 potions of brilliance
 o - 4 potions of lignification
 p - 4 potions of haste
 r - a potion of mutation
 s - 2 potions of flight
 u - 2 potions of might
 B - a potion of invisibility
 E - a potion of magic
Comestibles
 d - 21 rations


   Skills:
 + Level 2.4 Fighting
 + Level 9.9 Short Blades
 + Level 6.7 Dodging
 + Level 11.6 Stealth
 + Level 9.9 Spellcasting
 * Level 4.9 Conjurations
 + Level 10.3 Hexes
 * Level 5.6 Ice Magic
 * Level 4.0 Air Magic
 + Level 6.8 Invocations


You had 8 spell levels left.
You knew the following spells:

 Your Spells              Type           Power        Failure   Level  Hunger
a - Ensorcelled Hibernat  Hex/Ice        #####.       1%          2    None
b - Corona                Hex            ######.      1%          1    None
c - Confusing Touch       Hex            ######..     1%          3    None
d - Tukima's Dance        Hex            ######..     1%          3    None
e - Dazzling Flash        Conj/Hex       #####.       1%          3    None
f - Blink                 Tloc           N/A          10%         2    None
g - Slow                  Hex            ######..     1%          2    None
h - Freezing Cloud        Conj/Ice/Air   ####......   80%         6    ######.

Your spell library contained the following spells:

 Spells                   Type           Power        Failure   Level  Hunger
 Magic Dart               Conj           ####         1%          1    None
 Summon Guardian Golem    Hex/Summ       ####....     2%          3    None
 Poisonous Vapours        Pois/Air       ###...       4%          2    None
 Mephitic Cloud           Conj/Pois/Air  ###.....     5%          3    None
 Infusion                 Chrm           ##..         7%          1    None
 Sandblast                Erth           ##....       7%          1    None
 Summon Small Mammal      Summ           ##..         7%          1    None
 Conjure Flame            Conj/Fire      ###.....     7%          3    None
 Stone Arrow              Conj/Erth      ###...       7%          3    None
 Call Imp                 Summ           ##......     10%         2    None
 Passwall                 Tmut/Erth      ##......     10%         2    None
 Song of Slaying          Chrm           ##......     10%         2    None
 Airstrike                Air            ####......   12%         4    ##.....
 Call Canine Familiar     Summ           ##......     21%         3    None
 Summon Ice Beast         Ice/Summ       ###.....     21%         4    ##.....
 Summon Lightning Spire   Summ/Air       ###.....     28%         4    ##.....
 Lightning Bolt           Conj/Air       ####......   28%         5    ####...
 Petrify                  Tmut/Erth      ##......     54%         4    ##.....
 Lee's Rapid Deconstruct  Erth           ##........   88%         5    ####...


Dungeon Overview and Level Annotations

Branches:
Dungeon (12/15)            Temple (0/1) D:7            Lair (4/6) D:9
 Shoals (0/4) Lair:3       Spider (0/4) Lair:3          Orc (0/2) D:11

Altars:
Fedhas
Hepliaklqana
Makhleb
Sif Muna
Uskayaw
Wu Jian
Xom
Yredelemnul
The Shining One

Shops:
D:6 :   D:7 !

Annotations:
Lair:3 3 runed translucent doors, Endbringerleviathan's ghost, journeyman HuHu; crawdad's ghost, novice DgWn; ttag's ghost, journeyman MiBe


Innate Abilities, Weirdness & Mutations

You are very small and have problems with some larger weapons.
You are too small for most types of armour.
You have supernaturally acute eyesight. (SInv)
You are a herbivore.
You cover ground extremely quickly.
You need to consume almost no food.


Message History

Aiming: Ensorcelled Hibernation (safe; 1% risk of failure)
Press: ? - help, Shift-Dir - straight line, f/p - blink frog
Aim: a blink frog (chance to defeat MR: 51%)
The blink frog looks drowsy...
The blink frog completely misses you. The blink frog barely misses you.
The spiny frog closely misses you. The blink frog hits you!
The blink frog blinks!
The blink frog completely misses you. The spiny frog barely misses you.
The blink frog gives a loud, deep croak!
Casting: Ensorcelled Hibernation (safe; 1% risk of failure)
Confirm with . or Enter, or press ? or * to list all spells.
Your hands begin to glow red.
You hear a croak.
The blink frog hits you!
A spiny frog comes into view.
The blink frog completely misses you. The spiny frog stings you!!
* * * LOW HITPOINT WARNING * * *
The blink frog hits you!
You die...
Fedhas appreciates your contribution to the ecosystem.

...............P
..###........F.#
##.........# #P.........##
#......... #.......F..P#
........... ##..........>
...........# ##.......(...
............ #..F.........
...........# #..@F§.......
.........^.# ##.F.P.......
............ #P..†........
.>.........####...........
##.....P##.##.#...........
#.....####...............
#......##................
#.....##.#.............#
#......................#


You could see 2 spiny frogs, 3 blink frogs and a neutral oklob plant (unaware).

Vanquished Creatures
  Harold (D:7)
  2 two-headed ogres
  An unseen horror (D:9)
  A cyclops (D:10)
  A merfolk siren (Lair:3)
  3 elephants (Lair:2)
  A black mamba (Lair:3)
  6 spiny frogs
  2 komodo dragons
  A jumping spider (Lair:3)
  2 trolls (D:11)
  3 hippogriffs
  A wraith (D:7)
  A spriggan (D:10)
  3 basilisks
  2 hungry ghosts
  2 acid dragons
  Edmund (D:5)
  5 water moccasins
  3 porcupines
  3 orc warriors
  An ice beast (D:6)
  A necrophage (D:7)
  2 black bears (D:9)
  2 phantoms
  2 ogres
  4 centaurs
  14 crocodiles
  15 bullfrogs
  2 scorpions
  16 killer bees
  11 wights
  3 howler monkeys
  3 electric eels
  8 crimson imps
  2 hounds
  3 human zombies (D:7)
  A quasit (D:7)
  A gnoll shaman (D:4)
  2 jellies
  7 orc priests
  2 bullfrog skeletons
  14 orc wizards
  Crazy Yiuf (D:2)
  An iguana (D:11)
  8 worker ants
  Terence (D:2)
  2 human skeletons (D:7)
  4 hell rats (Lair:3)
  A killer bee zombie (D:5)
  An ogre zombie (D:7)
  A hound zombie (D:10)
  2 hound skeletons (D:10)
  2 mummies (D:7)
  2 worker ant zombies (D:5)
  14 gnolls
  17 adders
  A shadow imp (D:8)
  4 oozes
  A dart slug (D:3)
  A leopard gecko (D:1)
  69 orcs
  7 giant cockroaches
  6 goblins
  13 hobgoblins
  5 jackals
  7 kobolds
  4 quokkas
  2 ball pythons
  12 bats
  3 hobgoblin zombies (D:5)
  A kobold skeleton (D:5)
  An orc zombie (D:5)
  8 rats
  A butterfly (Lair:3)
364 creatures vanquished.

Vanquished Creatures (others)
  2 oklob plants (Lair:4)
  A porcupine (Lair:4)
  An orc (D:11)
  2 plants (Lair:4)
  5 toadstools (D:4)
11 creatures vanquished.

Grand Total: 375 creatures vanquished

Notes
Turn   | Place    | Note
-------+----------+-------------------------------------------
     0 | D:1      | Jonnyslop the Spriggan Enchanter began the quest for the
                  | Orb.
     0 | D:1      | Reached XP level 1. HP: 9/9 MP: 5/5
   884 | D:1      | Reached XP level 2. HP: 5/13 MP: 6/6
   954 | D:1      | Learned a level 2 spell: Ensorcelled Hibernation
  2123 | D:2      | Reached XP level 3. HP: 13/16 MP: 8/8
  2225 | D:2      | Noticed Terence
  2400 | D:1      | Learned a level 3 spell: Confusing Touch
  2432 | D:2      | Killed Terence
  2650 | D:2      | Reached XP level 4. HP: 21/21 MP: 8/10
  2655 | D:2      | Learned a level 3 spell: Tukima's Dance
  2977 | D:2      | Found a runed translucent door.
  2978 | D:2      | Noticed Crazy Yiuf
  2993 | D:2      | Killed Crazy Yiuf
  3425 | D:3      | Reached XP level 5. HP: 20/24 MP: 6/11
  3667 | D:3      | Reached skill level 5 in Hexes
  4158 | D:3      | Reached XP level 6. HP: 28/28 MP: 8/13
  4420 | D:3      | Reached skill level 5 in Short Blades
  5030 | D:4      | Reached skill level 5 in Spellcasting
  5044 | D:4      | Reached XP level 7. HP: 32/32 MP: 1/15
  6028 | D:4      | Learned a level 3 spell: Dazzling Flash
  6029 | D:5      | Entered Level 5 of the Dungeon
  6079 | D:5      | Noticed Edmund
  6089 | D:5      | Killed Edmund
  6199 | D:5      | Reached skill level 1 in Ice Magic
  6528 | D:5      | Found a glowing golden altar of the Shining One.
  6669 | D:5      | Found a blossoming altar of Fedhas.
  6676 | D:5      | Reached skill level 5 in Stealth
  6676 | D:5      | Reached XP level 8. HP: 36/36 MP: 14/18
  6681 | D:5      | Became a worshipper of Fedhas Madash
  6682 | D:5      | Reached skill level 9 in Stealth
  6682 | D:5      | Reached XP level 9. HP: 39/39 MP: 15/22
  7176 | D:6      | Found Tuuhout's Book Shop.
  7577 | D:6      | Found an ornate altar of the Wu Jian Council.
  7638 | D:6      | Found a burning altar of Makhleb.
  7639 | D:6      | Found a shimmering altar of Xom.
  8027 | D:6      | Reached * piety under Fedhas
  8380 | D:7      | Found a staircase to the Ecumenical Temple.
  8382 | D:7      | Noticed a two-headed ogre
  8389 | D:7      | Noticed Harold
  8655 | D:7      | Killed a two-headed ogre
  8655 | D:7      | Reached skill level 5 in Invocations
  9101 | D:7      | Killed Harold
  9101 | D:7      | Reached skill level 10 in Stealth
  9101 | D:7      | Reached XP level 10. HP: 35/44 MP: 18/24
  9179 | D:7      | Found Taickott's Distillery.
  9244 | D:7      | Bought a potion of haste for 130 gold pieces
  9244 | D:7      | Bought a potion of mutation for 104 gold pieces
  9244 | D:7      | Bought a potion of flight for 39 gold pieces
  9746 | D:7      | Found a basalt altar of Yredelemnul.
  9755 | D:7      | Reached ** piety under Fedhas
 10025 | D:7      | Learned a level 2 spell: Blink
 10028 | D:7      | Learned a level 2 spell: Slow
 10156 | D:8      | Found a glowing golden altar of the Shining One.
 10160 | D:8      | Found a hazy altar of Hepliaklqana.
 10176 | D:8      | Noticed a two-headed ogre
 10186 | D:8      | Killed a two-headed ogre
 10504 | D:8      | Found a shimmering blue altar of Sif Muna.
 10635 | D:8      | Found a hide-covered altar of Uskayaw.
 10750 | D:8      | Identified the Reference Book on Feathers and Enhancements
 10759 | D:8      | Learned a level 6 spell: Freezing Cloud
 11285 | D:9      | Noticed an unseen horror
 11341 | D:9      | Killed an unseen horror
 11437 | D:9      | Reached skill level 5 in Dodging
 11474 | D:9      | Reached skill level 1 in Air Magic
 11776 | D:9      | Found a staircase to the Lair.
 12075 | D:10     | Entered Level 10 of the Dungeon
 12075 | D:10     | Noticed a cyclops
 12107 | D:9      | Reached XP level 11. HP: 44/48 MP: 25/25
 12188 | D:9      | Reached skill level 1 in Fighting
 12285 | D:10     | Reached *** piety under Fedhas
 13491 | D:10     | Reached skill level 11 in Stealth
 14311 | D:11     | Found a staircase to the Orcish Mines.
 14329 | D:11     | Reached **** piety under Fedhas
 14338 | D:11     | Reached skill level 10 in Hexes
 16023 | Lair:1   | Entered Level 1 of the Lair of Beasts
 16435 | Lair:1   | Reached skill level 5 in Ice Magic
 17814 | Lair:2   | Reached XP level 12. HP: 42/54 MP: 26/26
 18594 | Lair:3   | Found a hole to the Spider Nest.
 18712 | Lair:3   | Reached ***** piety under Fedhas
 18780 | Lair:3   | Found a staircase to the Shoals.
 18949 | Lair:3   | Found a runed translucent gate.
 18949 | Lair:3   | Found a runed translucent gate.
 18950 | Lair:3   | Found a runed translucent gate.
 18951 | Lair:3   | Noticed ttag's ghost (journeyman MiBe)
 18951 | Lair:3   | Noticed Endbringerleviathan's ghost (journeyman HuHu)
 18952 | Lair:3   | Noticed crawdad's ghost (novice DgWn)
 19530 | Lair:4   | Slain by a blink frog

Illustrated notes

Levels and vault maps discovered:
D:1:      dpeg_arrival_rooms_a, layout_basic
D:2:      layout_basic, uniq_crazy_yiuf_cottage, uniq_terence
D:3:      minmay_diamond_boxcup, layout_rooms, minmay_starry_boxes
D:4:      layout_loops_ring, hangedman_decor_push, serial_park_tiny_2,
          minmay_gold_behind_fungi, hangedman_decor_peaks_small
D:5:      layout_loops_ring, fedhas_altar_fruit_tree, first_ration,
          nicolae_tso_besieged_by_evil, uniq_edmund
D:6:      layout_basic, grunt_temple_overflow_champion_of_chaos,
          marbit_many_paths, serial_shops, shop
D:7:      layout_basic, lemuel_mausoleum_altar_yredelemnul,
          minmay_temple_entry_sparse_star, serial_shops,
          nicolae_shop_waterfront, uniq_harold
D:8:      layout_cave_pods, eat_drink_and_be_merry_uskayaw,
          kennysheep_little_box, minitemple
D:9:      layout_layer_cave, grunt_lair_entry_orc_guard_hut
D:10:     layout_cross, grunt_pizzeria, hangedman_decor_points
D:11:     layout_stronghold, hiddenorc2_lemuel, serial_bayou_lagoon_a,
          chequers_arboretum
D:12:     layout_irregular_city, basic_altar, minivault_5
Lair:1:   layout_regular_city, serial_forest, infiniplex_forest_end_3,
          infiniplex_forest_clump_small, infiniplex_forest_clump_tiny,
          infiniplex_forest_straight_2, infiniplex_forest_straight_4,
          infiniplex_forest_clump_tiny, infiniplex_forest_side_room,
          infiniplex_forest_lined_2, infiniplex_forest_clump_tiny,
          serial_bayou_shore_b, lemuel_fruit_tree, grunt_megastairs_1
Lair:2:   layout_cave_pods
Lair:3:   layout_roguey, minmay_shoals_entry_lonely_mermaid,
          spider_nest_entry_a, gammafunk_ghost_cemetery,
          nicolae_quartered_pool_medium, lemuel_fruit_fields,
          infiniplex_staircase_pool
Lair:4:   layout_cellular_growth, basic_altar, beast_lair_carwin_11,
          minmay_lair_oklob_chamber

Skill      XL: |  1  2  3  4  5  6  7  8  9 10 11 12 |
---------------+-------------------------------------+-----
Spellcasting   | 3 4 5 6 8 9 |  9.9
Short Blades   | 2 3 4 5 6 8 9 |  9.9
Hexes          | 4 5 6 8 9 10 | 10.3
Ice Magic      | 1 4 5 |  5.6
Stealth        | 5 9 10 11 | 11.6
Conjurations   | 3 4 |  4.9
Invocations    | 4 5 6 |  6.8
Dodging        | 5 6 |  6.7
Air Magic      | 1 3 4 |  4.0
Fighting       | 2 |  2.4

Action                   |  1- 3 |  4- 6 |  7- 9 | 10-12 || total
-------------------------+-------+-------+-------+-------++-------
Melee: Dagger            |   128 |   138 |   232 |   535 ||  1033
Throw: Dart              |       |     2 |       |       ||     2
 Cast: Ensorcelled Hiber |     4 |    38 |    52 |   197 ||   291
       Confusing Touch   |       |     1 |    13 |    39 ||    53
  Use: Scroll            |     9 |     3 |     6 |     8 ||    26
       Potion            |       |       |     5 |     1 ||     6
 Stab: Sleeping          |    12 |    29 |    41 |   134 ||   216
       Distracted        |     1 |       |     1 |     3 ||     5
       Confused          |       |     2 |    11 |    38 ||    51
  Eat: Ration            |       |     2 |     2 |     6 ||    10
Armor: Robe              |    12 |    18 |    21 |    36 ||    87
Dodge: Dodged            |    91 |    79 |   121 |   345 ||   636
